 Dungeon Crawl Stone Soup version 0.27.1-34-g3ba077fa99 (webtiles) character file.

Game seed: 4615152068135477522

31 cbfl8 the Sneak (level 3, -3/33 HPs)
             Began as a Minotaur Delver on Jan 16, 2022.
             Slain by Grinder (6 damage)
             ... on level 3 of the Dungeon.
             The game lasted 00:00:36 (128 turns).

cbfl8 the Sneak (Minotaur Delver)                    Turns: 128, Time: 00:00:37

Health: -3/33      AC:  3    Str: 16    XL:     3   Next: 7%
Magic:  2/2        EV: 12    Int:  8    God:
Gold:   0          SH:  0    Dex: 11    Spells: 2/2 levels left

rFire    . . .     SeeInvis .   a - +0 hand axe
rCold    . . .     Faith    .   (no shield)
rNeg     . . .     Spirit   .   b - +0 leather armour
rPois    .         Reflect  .   (helmet restricted)
rElec    .         Harm     .   (no cloak)
rCorr    .         Rampage  .   (no gloves)
Will     .....                  (no boots)
Stlth    ++........             (no amulet)
HPRegen  0.11/turn              (no ring)
MPRegen  0.08/turn              (no ring)

@: no status effects
A: horns 2, retaliatory headbutt
a: no special abilities


You were on level 3 of the Dungeon.
You visited 1 branch of the dungeon, and saw 3 of its levels.

Inventory:

Hand Weapons
 a - a +0 hand axe (weapon)
Armour
 b - a +0 leather armour (worn)
Wands
 g - a wand of digging (3)
Scrolls
 c - a scroll of fog
 d - a scroll of magic mapping
 e - a scroll of fear
 h - a scroll of teleportation {unknown}
Potions
 f - a potion of haste


   Skills:
 + Level 3.9 Fighting
 + Level 2.5 Axes
 + Level 2.3 Dodging
 + Level 4.7 Stealth


You had 2 spell levels left.
You didn't know any spells.
Your spell library was empty.

Dungeon Overview and Level Annotations

Branches:
Dungeon (5/15)
 Temple: D:4-7

Altars:

Annotations:
D:3 Grinder


Innate Abilities, Weirdness & Mutations

You have a pair of horns on your head.
You reflexively headbutt those who attack you in melee.


Message History

There is an escape hatch in the floor here.
You see here a scroll labelled LOUXARGHUUF.
h - a scroll labelled LOUXARGHUUF You barely miss Grinder.
Grinder misses you. Grinder gestures at you.
You barely resist. You hit Grinder.
Grinder is lightly wounded.
Grinder barely misses you.
You hit Grinder. Your headbutt misses Grinder.
Grinder is moderately wounded.
Grinder gestures at you.
You suddenly lose the ability to move!
Grinder hits you but does no damage. x2
Grinder says, "Mostly I couldn't keep them alive."
Grinder gestures at you. Pain shoots through your body!
You can move again.
You hit Grinder but do no damage.
Grinder is moderately wounded.
Grinder closely misses you. You furiously retaliate!
You headbutt Grinder!
Unknown command.
You hit Grinder but do no damage.
Grinder is heavily wounded.
Grinder gestures at you. Pain shoots through your body!
Unknown command.
You barely miss Grinder. You headbutt Grinder!
Grinder is severely wounded.
Grinder hits you.
* * * LOW HITPOINT WARNING * * *
You writhe in agony.
* * * LOW HITPOINT WARNING * * *
Unknown command.
You closely miss Grinder. Your headbutt misses Grinder.
Grinder is severely wounded.
Grinder hits you.
* * * LOW HITPOINT WARNING * * *
You writhe in agony.
You die...

...
#########.######.
........>.......
#.....#.###....
#.....#.# # #
#.....#5#.#
#.........#
#.....#####.#
#...>.5@....#
#.....#########
#.#### #


You could see Grinder.

Vanquished Creatures
  A hound (D:4)
  A giant cockroach (D:4)
2 creatures vanquished.

Notes
Turn   | Place    | Note
-------+----------+-------------------------------------------
     0 | D:5      | cbfl8 the Minotaur Delver began the quest for the Orb.
     0 | D:5      | Reached XP level 1. HP: 19/19 MP: 0/0
    45 | D:5      | Noticed a hound
    61 | D:4      | Killed a hound
    62 | D:4      | Reached XP level 2. HP: 20/27 MP: 1/1
    62 | D:4      | Reached XP level 3. HP: 25/33 MP: 2/2
   105 | D:3      | Noticed Grinder
   121 | D:3      | Paralysed by Grinder for 4 turns
   128 | D:3      | Slain by Grinder

Illustrated notes

Levels and vault maps discovered:
D:3:      layout_basic, mainiacjoe_overflow_paths,
          shapermc_ecumenical_altar_pompeii, uniq_grinder
D:4:      layout_rooms, lemuel_coloured_pillars_altar, gup_sewer_entry_bubbles
D:5:      layout_basic, minmay_temple_entry_tees, st_stairs_3, minivault_14,
          uniq_edmund

Action                   || total
-------------------------++-------
Melee: Hand axe          ||    10
       Headbutt          ||     1
Armor: Leather armour    ||     4
Dodge: Dodged            ||     9
